 Dungeon Crawl Stone Soup version 0.30-a0-465-g8901f6c8b5 (webtiles) character file.

Game seed: 10736862206153701105

166 Mitcholas the Chopper (level 5, 0/47 HPs)
             Began as a Hill Orc Monk on Dec 18, 2022.
             Slain by an orc
             ... wielding a +0 trident
              (6 damage)
             ... on level 3 of the Dungeon.
             The game lasted 00:04:27 (2150 turns).

Mitcholas the Chopper (Hill Orc Monk)               Turns: 2150, Time: 00:04:28

Health: 0/47       AC: 13    Str: 16    XL:     5   Next: 47%
Magic:  5/5        EV:  5    Int: 10    God:
Gold:   91         SH:  0    Dex: 13    Spells: 4/4 levels left

rFire   . . .      SeeInvis .    a - +0 hand axe
rCold   . . .      Faith    .    (no shield)
rNeg    . . .      Spirit   .    n - +0 plate armour
rPois   .          Reflect  .    j - +0 helmet
rElec   .          Harm     .    (no cloak)
rCorr   .          Rampage  .    (no gloves)
Will    .....                    l - +0 pair of boots
Stlth   ..........               (no amulet)
HPRegen 0.27/turn                (no ring)
MPRegen 0.09/turn                (no ring)

@: no status effects
A: no striking features
a: no special abilities


You were on level 3 of the Dungeon.
You visited 1 branch of the dungeon, and saw 3 of its levels.

You collected 91 gold pieces.

Inventory:

Hand Weapons
 a - a +0 hand axe (weapon)
Missiles
 o - 3 poisoned darts (quivered)
Armour
 j - a +0 helmet (worn)
 l - a +0 pair of boots (worn)
 n - a +0 plate armour (worn)
Jewellery
 p - a ring of magical power
Scrolls
 b - a scroll of fog {unknown}
 d - 3 scrolls of enchant weapon {unknown}
 e - a scroll of noise {unknown}
 g - 2 scrolls of identify {unknown}
 m - a scroll of amnesia {unknown}
Potions
 c - a potion of ambrosia
 f - a potion of heal wounds {unknown}
 h - a potion of mutation {unknown}
 i - a potion of attraction {unknown}
 k - a potion of brilliance {unknown}


   Skills:
 + Level 4.7 Fighting
 * Level 6.3 Axes
 + Level 2.4 Armour
 - Level 2.4 Dodging
 - Level 1.5 Stealth


You had 4 spell levels left.
You didn't know any spells.
Your spell library was empty.

Dungeon Overview and Level Annotations

Branches:
Dungeon (3/15)

Altars:


Message History

* * * LOW HITPOINT WARNING * * *
The orc barely misses you.
You miss something. You hit something but do no damage.
Something hits you but does no damage. x2; The orc hits you but does no damage.
Unknown command.
You hit something. x2
Reactivating autopickup.
You feel a bit more experienced.
You hear some strange, mumbled words.
A puff of flame appears from out of thin air!
Deactivating autopickup; reactivate with Ctrl-A.
The puff of flame hits you!
* * * LOW HITPOINT WARNING * * *
The orc hits you but does no damage.
You miss something. Something completely misses you.
The orc hits you but does no damage.
You closely miss something. Something hits you but does no damage.
The orc hits you but does no damage.
Unknown command.
You miss something. Something hits you but does no damage.
The orc hits you but does no damage.
You closely miss something.
You hear some strange, mumbled words.
Something tries to affect you, but you resist.
The orc hits you from afar with a +0 trident.
* * * LOW HITPOINT WARNING * * *
Unknown command.
You miss something. Something hits you but does no damage.
The orc barely misses you.
Unknown command.
You miss something. Something hits you but does no damage.
The orc hits you but does no damage.
You miss something. Something hits you but does no damage.
The orc barely misses you.
Unknown command.
You hit something.
Reactivating autopickup.
You feel a bit more experienced.
The orc hits you from afar with a +0 trident.
You die...

####..# ##.#.## #.#...#
##...## ### ##.## #..
#.# #.# #.# #.# ###.#
#.### ##.#(## #.#@##
#.....########.)).####..
.........<...)..o)...'..
#.....########.)..####..
...[..... #.#..#
.........# #.##.#
........... #.# .#
###...####.# ### ..
#...# # .##


You could see an orc.

Vanquished Creatures
  2 orc wizards (D:3)
  Robin (D:2)
  3 gnolls (D:2)
  4 adders (D:2)
  2 orcs (D:3)
  7 endoplasms
  3 giant cockroaches
  10 hobgoblins
  3 jackals (D:2)
  2 quokkas
  3 ball pythons (D:3)
  A bat (D:2)
  9 goblins
  4 kobolds
  8 rats
62 creatures vanquished.

Notes
Turn   | Place    | Note
-------+----------+-------------------------------------------
     0 | D:1      | Mitcholas the Hill Orc Monk began the quest for the Orb.
     0 | D:1      | Reached XP level 1. HP: 19/19 MP: 1/1
   406 | D:1      | Reached XP level 2. HP: 27/27 MP: 2/2
   594 | D:1      | Found a faded altar of an unknown god.
   602 | D:1      | Reached skill level 1 in Armour
   847 | D:2      | Reached XP level 3. HP: 33/33 MP: 3/3
   938 | D:2      | Reached skill level 5 in Axes
  1094 | D:2      | Noticed Robin
  1115 | D:2      | Killed Robin
  1116 | D:2      | Reached XP level 4. HP: 17/40 MP: 4/4
  1560 | D:2      | Reached XP level 5. HP: 45/47 MP: 5/5
  1568 | D:2      | Reached skill level 6 in Axes
  2150 | D:3      | Slain by an orc

Illustrated notes

Levels and vault maps discovered:
D:1:      erik_arrival_blinker_ship, layout_loops_cross,
          hellmonk_ecumenical_altar_slurped_away
D:2:      layout_loops_ring, kennysheep_potato, uniq_robin
D:3:      kennysheep_the_goblin_king, layout_loops_corners,
          nicolae_overflow_crystal_walls

Skill      XL: |  1  2  3  4  5 |
---------------+----------------+-----
Armour         | 1 2 |  2.4
Fighting       | 4 |  4.7
Axes           | 5 6 |  6.3
Dodging        | |  2.4
Stealth        | |  1.5

Action                   |  1- 3 |  4- 6 || total
-------------------------+-------+-------++-------
Melee: Hand axe          |   124 |   144 ||   268
       Punch             |     1 |     2 ||     3
Armor: Robe              |     4 |       ||     4
       Scale mail        |    14 |       ||    14
       Chain mail        |    52 |    32 ||    84
       Plate armour      |       |    95 ||    95
Dodge: Dodged            |    48 |    39 ||    87

Table legend: (Time is in decaauts)
 A = Elapsed time spent in this place.
 B = Non-inter-level travel time spent in this place.
 C = Inter-level travel time spent in this place.
 D = Time resting spent in this place.
 E = Time spent auto-exploring this place.
 F = Levels seen in this place.
 G = Mean time per level.
                   A        B        C        D        E       F      G
               +--------+--------+--------+--------+--------+-----+--------+
         Total |   2158 |   2076 |     82 |    275 |   1154 |   3 |  719.3 |
       Dungeon |   2158 |   2076 |     82 |    275 |   1154 |   3 |  719.3 |
               +--------+--------+--------+--------+--------+-----+--------+

Top non-repeatable levels by time:
     D:2: 1083 daAuts
     D:1: 822 daAuts
     D:3: 252 daAuts
